 Dungeon Crawl Stone Soup version 0.22-a0-135-g6f012ad (webtiles) character file.

74 Darius099 the Insei (level 4, 0/22 HPs)
             Began as a Vine Stalker Transmuter on Feb 2, 2018.
             Slain by an orc wizard
             ... wielding a +1 dagger of protection
              (2 damage)
             ... on level 3 of the Dungeon.
             The game lasted 00:08:31 (1891 turns).

Darius099 the Insei (Vine Stalker Transmuter)       Turns: 1891, Time: 00:08:31

Health: 0/22       AC:  2    Str: 13    XL:     4   Next: 30%
Magic:  0/9        EV: 12    Int: 13    God:
Gold:   87         SH:  0    Dex: 15    Spells: 7/8 levels left

rFire    . . .     SeeInvis .     - Unarmed
rCold    . . .     Gourm    .   (no shield)
rNeg     . . .     Faith    .   b - +0 robe
rPois    .         Spirit   +   (no helmet)
rElec    .         Reflect  .   (no cloak)
rCorr    .         Harm     .   (no gloves)
MR       .....                  (no boots)
Stlth    +++.......             (no amulet)
HPRegen  0.47/turn              g - ring of stealth
MPRegen  0.11/turn              (no ring)

@: no status effects
A: fangs 2, regeneration 1, magic shield, antimagic bite, no potion heal 3, rot
immunity
a: no special abilities


You were on level 3 of the Dungeon.
You were not hungry.

You visited 1 branch of the dungeon, and saw 3 of its levels.

You collected 87 gold pieces.

Inventory:

Missiles
 a - 12 arrows
Armour
 b - a +0 robe (worn)
Jewellery
 g - a ring of stealth (left hand)
Scrolls
 e - a scroll of identify {unknown}
 i - a scroll of remove curse {unknown}
 l - 2 scrolls of teleportation {unknown}
 m - a scroll of enchant weapon {unknown}
 q - a scroll of immolation {unknown}
Potions
 f - a potion of haste {unknown}
 h - a potion of berserk rage {unknown}
 j - 2 potions of curing {unknown}
 k - a potion of might {unknown}
 n - a potion of resistance {unknown}
 o - a potion of mutation {unknown}
 p - a potion of flight {unknown}
 r - a potion of lignification {unknown}
Books
 c - a book of Changes

   Spells                             Type                      Level
   a - Beastly Appendage              Transmutation                1
   b - Sticks to Snakes               Transmutation                2
   c - Spider Form                    Transmutation/Poison         3
   d - Ice Form                       Ice/Transmutation            4
   e - Blade Hands                    Transmutation                5
Comestibles
 d - 2 rations


   Skills:
 + Level 1.2 Fighting
 + Level 2.0 Dodging
 + Level 1.2 Stealth
 + Level 3.7 Unarmed Combat
 + Level 2.7 Spellcasting
 + Level 2.5 Transmutations


You had 7 spell levels left.
You knew the following spells:

 Your Spells              Type           Power        Failure   Level  Hunger
a - Beastly Appendage     Tmut           #.....       9%          1    #......


Dungeon Overview and Level Annotations

Branches:
Dungeon (3/15)

Altars:
Kikubaaqudgha


Innate Abilities, Weirdness & Mutations

You have extremely sharp teeth.
Your natural rate of healing is unusually fast.
When hurt, damage is shared between your health and your magic reserves.
Your bite disrupts and absorbs the magic of your enemies.
Potions cannot restore your health.
You are immune to rotting.


Message History

Your bite misses the orc wizard.
The orc wizard hits you with a dagger of protection.
* * * LOW HITPOINT WARNING * * *
You hit the orc wizard.
You bite the orc wizard, but do no damage.
The orc wizard is moderately wounded.
The orc wizard hits you but does no damage.
You closely miss the orc wizard.
You bite the orc wizard, but do no damage.
The orc wizard is moderately wounded.
The orc wizard barely misses you.
You closely miss the orc wizard.
The orc wizard is moderately wounded.
The orc wizard hits you with a dagger of protection.
* * * LOW HITPOINT WARNING * * *
You closely miss the orc wizard.
You bite the orc wizard, but do no damage.
The orc wizard is moderately wounded.
The orc wizard hits you with a dagger of protection.
You die...

#########
#.......###########
#.#####...........
#.# #..######..###
#.#
###..######..#.###.
#.#
#........##........
#.###.#..###.@oo...##
#.......o#
####.....##
#####.##.# #......#
#.##.######o....##.
#.##...............#
#.############.###..
#.# .# # #># ##'## #
#.### ##...##.#


You could see an orc wizard and an orc.

Vanquished Creatures
  2 adders
  A worm (D:3)
  A dart slug (D:1)
  A leopard gecko (D:1)
  2 orcs (D:3)
  3 giant cockroaches
  8 goblins
  7 hobgoblins
  A quokka (D:3)
  6 bats
  3 frilled lizards
  7 kobolds
  7 rats
49 creatures vanquished.

Notes
Turn   | Place    | Note
-------+----------+-------------------------------------------
     0 | D:1      | Darius099 the Vine Stalker Transmuter began the quest for the Orb.
     0 | D:1      | Reached XP level 1. HP: 9/9 MP: 4/4
   225 | D:1      | Reached XP level 2. HP: 8/14 MP: 3/6
   695 | D:1      | Reached XP level 3. HP: 17/17 MP: 7/7
  1151 | D:2      | Reached skill level 1 in Fighting
  1518 | D:3      | Reached skill level 1 in Stealth
  1650 | D:3      | Gained mutation: Your natural rate of healing is unusually fast. [Vine Stalker growth]
  1650 | D:3      | Reached XP level 4. HP: 9/22 MP: 3/8
  1684 | D:3      | Found an ancient bone altar of Kikubaaqudgha.
  1891 | D:3      | Slain by an orc wizard

Vault maps used:
D:1:      lemuel_arrival_broad_hall
D:2:      first_ration
D:3:      old_standard_altar, bloody_makhleb

Skill      XL: |  1  2  3 |
---------------+----------+-----
Fighting       | 1 |  1.2
Dodging        | 2 |  2.0
Stealth        | 1 |  1.2
Unarmed Combat | |  3.7
Spellcasting   | |  2.7
Transmutations | |  2.5

Action                   |  1- 3 |  4- 6 || total
-------------------------+-------+-------++-------
Melee: Unarmed           |   103 |    36 ||   139
       Kick              |     3 |       ||     3
       Bite              |    25 |    10 ||    35
       Headbutt          |     3 |       ||     3
       Punch             |     1 |       ||     1
 Cast: Beastly Appendage |     5 |       ||     5
 Stab: Sleeping          |     5 |     3 ||     8
  Eat: Ration            |     1 |       ||     1
       Chunk             |     1 |       ||     1
Armor: Robe              |    17 |     6 ||    23
Dodge: Dodged            |    57 |    13 ||    70

Table legend:
 A = Spawn XP
 B = Non-spawn XP
 C = Spawn XP percentage of total XP
 D = Spawn monster count
 E = Non-spawn monster count
 F = Spawn count percentage of total count
 G = Total turns spent on level
                    A         B        C        D         E        F      G
               +---------+---------+-------+---------+---------+-------+---------
         Total |       0 |     107 |   0.0 |       0 |      49 |   0.0 |  1891
               +---------+---------+-------+---------+---------+-------+---------
           D:1 |       0 |      39 |   0.0 |       0 |      24 |   0.0 |  1054
           D:2 |       0 |      31 |   0.0 |       0 |      12 |   0.0 |   446
           D:3 |       0 |      37 |   0.0 |       0 |      13 |   0.0 |   391
               +---------+---------+-------+---------+---------+-------+---------
